 Dungeon Crawl Stone Soup version 0.31-a0-188-g5e087ee2ca (webtiles) character file.

Game seed: 11909251735687472628

113 qw the Skirmisher (level 4, -1/25 HPs)
             Began as a Deep Elf Hunter on June 22, 2023.
             Slain by a gnoll
             ... wielding a +0 spear
              (7 damage)
             ... on level 3 of the Dungeon.
             The game lasted 00:00:51 (2348 turns).

qw the Skirmisher (Deep Elf Hunter)                 Turns: 2348, Time: 00:00:51

Health: -1/25      AC:  5    Str: 10    XL:     4   Next: 65%
Magic:  6/6        EV: 11    Int: 14    God:
Gold:   54         SH:  0    Dex: 18    Spells: 3/3 levels left

rFire   . . .        Y - +0 shortbow
rCold   . . .        (shield currently unavailable)
rNeg    . . .        g - +0 ring mail
rPois   .            (no helmet)
rElec   .            (no cloak)
rCorr   .            (no gloves)
SInv    .            (no boots)
Will    .....        (no amulet)
Stlth   +            (no ring)
HPRegen 0.24/turn    (no ring)
MPRegen 0.10/turn

%: no passive effects
@: no status effects
A: no striking features
a: no special abilities


You were on level 3 of the Dungeon.
You visited 1 branch of the dungeon, and saw 3 of its levels.

You collected 87 gold pieces.
You spent 33 gold pieces at shops.


   Skills:
 - Level 1.5 Fighting
 + Level 8.1 Ranged Weapons
 - Level 2.4 Dodging
 - Level 1.2 Stealth


You had 3 spell levels left.
You didn't know any spells.
Your spell library was empty.

Inventory:

Hand Weapons
 Y - a +0 shortbow (weapon)
Armour
 g - a +0 ring mail (worn)
Wands
 f - a wand of digging (6)
Scrolls
 a - 2 scrolls of identify {unknown}
 c - a scroll of enchant weapon {unknown}
 h - a scroll of teleportation {unknown}
Potions
 b - 2 potions of curing
 d - a potion of haste {unknown}
 e - a potion of attraction {unknown}

Dungeon Overview and Level Annotations

Branches:
Dungeon (3/15)

Altars:

Shops:
D:3 !


Message History

The gnoll hits you from afar with a +0 spear.
You shoot an arrow.
The arrow hits the gnoll but does no damage.
The gnoll hits you from afar with a +0 spear.
You shoot an arrow.
The arrow hits the gnoll but does no damage.
The gnoll closely misses you.
You shoot an arrow. The arrow hits the gnoll.
The gnoll is moderately wounded.
The gnoll hits you but does no damage.
You shoot an arrow. The arrow closely misses the gnoll.
The gnoll barely misses you.
You shoot an arrow. The arrow hits the gnoll.
The gnoll is almost dead.
The gnoll hits you but does no damage.
You shoot an arrow. The arrow barely misses the gnoll.
The gnoll hits you from afar with a +0 spear. x2
You shoot an arrow. The arrow hits the gnoll!
You kill the gnoll!
Your Ranged Weapons skill increases to level 8!
You shoot an arrow. The arrow closely misses the gnoll.
The gnoll completely misses you.
You shoot an arrow. The arrow closely misses the gnoll.
The gnoll closely misses you.
You shoot an arrow. The arrow closely misses the gnoll.
The gnoll completely misses you.
You shoot an arrow. The arrow hits the gnoll.
The gnoll is heavily wounded.
The gnoll hits you from afar with a +0 spear.
You shoot an arrow. The arrow hits the gnoll.
The gnoll is severely wounded.
The gnoll hits you from afar with a +0 spear.
The gnoll closely misses you.
You shoot an arrow.
The arrow hits the gnoll but does no damage.
The gnoll is severely wounded.
The gnoll hits you from afar with a +0 spear.
You shoot an arrow. The arrow barely misses the gnoll.
The gnoll hits you from afar with a +0 spear!
You die...

#. #########
##.####### #.......#
.........# #.......#
..g.g....# #.....>.#
..g....g.#####.......#
#....gg#....#......)#
#.#.##.#.......#
####g#.##.#.......#
#.@..#.##.#.....%.#
#.........#.......#
#....#.............
#....##############
########### #.##.#
#.........# #. #.#
#.#######.# #. ..# ##
#.....%.#.# ## ### ..
#######.#.# #.


You could see a gnoll.

Vanquished Creatures
  A gnoll (D:3)
  2 adders
  2 worms (D:2)
  2 dart slugs
  2 orcs (D:3)
  3 endoplasms (D:2)
  4 giant cockroaches
  3 goblins
  3 hobgoblins
  17 jackals
  2 quokkas (D:2)
  4 ball pythons
  6 bats
  7 frilled lizards
  5 kobolds
  6 rats
69 creatures vanquished.

Notes
Turn   | Place    | Note
-------+----------+-------------------------------------------
     0 | D:1      | qw the Deep Elf Hunter began the quest for the Orb.
     0 | D:1      | Reached XP level 1. HP: 12/12 MP: 3/3
     0 | D:1      | 0 ||| qw: Version: 0.3-a-9-g12657ce
     0 | D:1      | 0 ||| qw: Game counter: 3065
     0 | D:1      | 0 ||| qw: Always use a shield: true
     0 | D:1      | 0 ||| qw: God list: Okawaru
     0 | D:1      | 0 ||| qw: Allow faded altars: false
     0 | D:1      | 0 ||| qw: Do Orc after D:15 true
     0 | D:1      | 0 ||| qw: Do second Lair branch before Depths: true
     0 | D:1      | 0 ||| qw: Lair rune preference: random
     0 | D:1      | 0 ||| qw: Plans: Normal
     0 | D:1      | 0 ||| PLANNING D:1-11
   144 | D:1      | Reached XP level 2. HP: 16/16 MP: 4/4
   144 | D:1      | 144 ||| Stepping ~*~*~tactically~*~*~ (outnumbered).
   151 | D:1      | Reached skill level 6 in Ranged Weapons
   974 | D:1      | 974 ||| DROPPING scroll of butterflies.
  1037 | D:2      | 1037 ||| FLEEEEING.
  1039 | D:2      | 1039 ||| STAIRDANCE
  1141 | D:2      | Reached XP level 3. HP: 20/20 MP: 5/5
  1356 | D:2      | Reached skill level 7 in Ranged Weapons
  1363 | D:2      | Identified the +2 leather armour of the Lobster {rC- rN+++
                  | rCorr Dex-3}
  1704 | D:2      | 1704 ||| UPGRADING to +0 scale mail.
  1714 | D:2      | 1714 ||| DROPPING +0 leather armour.
  1715 | D:2      | 1715 ||| UPGRADING to +0 ring mail.
  1725 | D:2      | 1725 ||| DROPPING +0 scale mail.
  1726 | D:2      | 1726 ||| DROPPING +2 leather armour of the Lobster {rC-
                  | rN+++ rCorr Dex-3}.
  1727 | D:2      | 1727 ||| READING 2 scrolls labelled DALOAS WIETUAG.
  1728 | D:2      | 1728 ||| DROPPING scroll of noise.
  1798 | D:3      | Reached XP level 4. HP: 25/25 MP: 6/6
  2010 | D:3      | Found Micriqe's Distillery.
  2013 | D:3      | 2013 ||| SHOPLISTING potion of cancellation (88 gold, have
                  | 80).
  2013 | D:3      | 2013 ||| BUYING potion of curing (33 gold).
  2013 | D:3      | Bought a potion of curing for 33 gold pieces
  2013 | D:3      | 2013 ||| SHOPLISTING potion of haste (110 gold, have 47).
  2013 | D:3      | 2013 ||| SHOPLISTING potion of heal wounds (55 gold, have
                  | 47).
  2013 | D:3      | 2013 ||| SHOPLISTING potion of mutation (88 gold, have 47).
  2325 | D:3      | 2325 ||| Stepping ~*~*~tactically~*~*~ (outnumbered).
  2326 | D:3      | 2326 ||| Stepping ~*~*~tactically~*~*~ (outnumbered).
  2329 | D:3      | 2329 ||| Stepping ~*~*~tactically~*~*~ (outnumbered).
  2330 | D:3      | 2330 ||| Stepping ~*~*~tactically~*~*~ (outnumbered).
  2333 | D:3      | 2333 ||| Stepping ~*~*~tactically~*~*~ (outnumbered).
  2342 | D:3      | Reached skill level 8 in Ranged Weapons
  2347 | D:3      | HP: 5/25 [gnoll/+0 spear (3)]
  2348 | D:3      | Slain by a gnoll

Levels and vault maps discovered:
D:1:      matt_arrival_grand_opening, layout_basic, hangedman_decor_push
D:2:      layout_loops_ring
D:3:      layout_basic, serial_shops, nicolae_shop_behind_doors

Skill      XL: |  1  2  3  4 |
---------------+-------------+-----
Ranged Weapons | 6 7 8 |  8.1
Fighting       | |  1.5
Dodging        | |  2.4
Stealth        | |  1.2

Action                     |  1- 3 |  4- 6 || total
---------------------------+-------+-------++-------
   Fire: Shortbow          |   127 |    92 ||   219
    Use: Scroll            |     1 |       ||     1
 Armour: Leather armour    |    11 |       ||    11
         Ring mail         |     3 |    19 ||    22
  Dodge: Dodged            |    30 |    27 ||    57

Table legend:
 A = Non-vault XP
 B = Vault XP
 C = Vault XP percentage of total XP
 D = Non-vault monster count
 E = Vault monster count
 F = Vault count percentage of total count
                 A         B        C        D         E       F
            +---------+---------+-------+---------+---------+-------
      Total |     162 |       0 |   0.0 |      69 |       0 |   0.0
            +---------+---------+-------+---------+---------+-------
        D:1 |      34 |       0 |   0.0 |      20 |       0 |   0.0
        D:2 |      55 |       0 |   0.0 |      22 |       0 |   0.0
        D:3 |      73 |       0 |   0.0 |      27 |       0 |   0.0
            +---------+---------+-------+---------+---------+-------
